Construct Section Command Post
Construct Platoon Command Post
Unlock M3 Stuart Light Tanks
Selects Heavy Armor Battlegroup
Selects Heavy Armor Battlegroup
6-pounder Anti-tank Gun Team
Selects Rigorous Vehicle Training
Selects Light Vehicle Withdraw and Refit
Unlock Bishop Self-propelled Artillery
Bishop Self-propelled Artillery
Bishop Self-propelled Artillery
Selects Forward Repair Assembly
Construct Company Command Post
Unlock M3 Grant Medium Tanks
Selects Churchill Black Prince Heavy Tank
Bishop Self-propelled Artillery
Bishop Self-propelled Artillery